 Dungeon Crawl Stone Soup version 0.27-a0-1066-g29160eaed2 (webtiles) character file.

Game seed: 8482760907140806435

9534 Lakar the Geomancer (level 11, -5/64 HPs)
             Began as a Gargoyle Earth Elementalist on Apr 24, 2021.
             Slain by Snorg (14 damage)
             ... on level 10 of the Dungeon.
             The game lasted 00:28:13 (11125 turns).

Lakar the Geomancer (Gargoyle Earth Elementalist)  Turns: 11125, Time: 00:28:14

Health: -5/64      AC: 21    Str: 11    XL:     11   Next: 48%
Magic:  1/21       EV: 13    Int: 20    God:
Gold:   420        SH:  0    Dex: 14    Spells: 2/24 levels left

rFire    + + .     SeeInvis .   o - +8 lance "Wyrmbane" {slay drac, rPois rF+ rC+ AC+3}
rCold    + + .     Faith    .   (no shield)
rNeg     + . .     Spirit   .   f - +0 steam dragon scales
rPois    ∞         Reflect  .   (helmet restricted)
rElec    +         Harm     .   j - scarf {rC+ rF+}
rCorr    .         Rampage  .   c - +0 pair of gloves
Will     .....                  m - +2 pair of boots
Stlth    ++........             r - amulet of magic regeneration
HPRegen  0.20/turn              (no ring)
MPRegen  0.42/turn              (no ring)

@: no status effects
A: AC +8, negative energy resistance 1, electricity resistance, torment
resistance 1, unbreathing 1, petrification resistance, horns 1, iridescent
scales 1, agile 2, deformed body, MP-powered wands
a: no special abilities


You were on level 10 of the Dungeon.
You visited 2 branches of the dungeon, and saw 11 of its levels.

You collected 566 gold pieces.
You spent 146 gold pieces at shops.

Inventory:

Hand Weapons
 o - the +8 lance "Wyrmbane" (weapon) {slay drac, rPois rF+ rC+ AC+3}
   (You took it off an orc on level 4 of the Dungeon)

   It affects your AC (+3).
   It protects you from fire.
   It protects you from cold.
   It protects you from poison.
Missiles
 b - 193 stones
 n - 6 atropa-tipped darts
 y - 2 throwing nets
Armour
 c - a +0 pair of gloves (worn)
 f - +0 steam dragon scales (worn)
 j - a scarf of resistance (worn)
 m - a +2 pair of boots (worn)
 w - a +0 leather armour of fire resistance
 x - the +0 leather armour "Lafuf" {rN+ Int+3 SInv}
   (You found it on level 9 of the Dungeon)

   It affects your intelligence (+3).
   It protects you from negative energy.
   It lets you see invisible.
Jewellery
 k - a ring of flight
 r - an amulet of magic regeneration (around neck)
Wands
 d - a wand of flame (17)
 q - a wand of mindburst (4)
 u - a wand of charming (11)
Scrolls
 a - 2 scrolls of teleportation
 l - 2 scrolls of immolation
 s - 3 scrolls of enchant weapon
Potions
 e - 6 potions of curing
 g - a potion of flight
 p - 2 potions of mutation
 t - a potion of ambrosia
 v - a potion of lignification


   Skills:
 + Level 5.2 Fighting
 * Level 6.3 Polearms
 + Level 5.4 Armour
 + Level 4.3 Dodging
 - Level 2.1 Stealth
 + Level 7.1 Spellcasting
 + Level 7.8 Conjurations
 - Level 0.7 Transmutations
 + Level 9.6 Earth Magic
 + Level 4.3 Evocations


You had 2 spell levels left.
You knew the following spells:

 Your Spells              Type           Power      Damage    Failure   Level
a - Sandblast             Erth           90%        2d19      1%          1
b - Stone Arrow           Conj/Erth      84%        3d12      1%          3
c - Lee's Rapid Deconstr  Erth           22%        3d14*     4%          5
d - Iron Shot             Conj/Erth      21%        9d5       36%         6
e - Bolt of Magma         Conj/Fire/Erth 15%        4d9       24%         5
f - Passwall              Tmut/Erth      22%        N/A       1%          2

Your spell library contained the following spells:

 Spells                   Type           Power      Damage    Failure   Level
 Shock                    Conj/Air       88%        1d8       1%          1
 Static Discharge         Conj/Air       22%        N/A       2%          2
 Beastly Appendage        Tmut           20%        N/A       7%          1
 Animate Skeleton         Necr           14%        N/A       10%         1
 Apportation              Tloc           14%        N/A       10%         1
 Corona                   Hex            7%         N/A       10%         1
 Summon Small Mammal      Summ           28%        N/A       10%         1
 Wereblood                Tmut           10%        N/A       11%         2
 Call Imp                 Summ           7%         N/A       14%         2
 Poisonous Vapours        Pois/Air       14%        N/A       14%         2
 Conjure Flame            Conj/Fire      22%        6-21      5%          3
 Mephitic Cloud           Conj/Pois/Air  17%        N/A       10%         3
 Petrify                  Tmut/Erth      27%        N/A       11%         4
 Iskenderun's Battlesphe  Conj           38%        2d9       11%         5
 Spider Form              Tmut/Pois      4%         N/A       24%         3
 Call Canine Familiar     Summ           7%         N/A       28%         3
 Summon Guardian Golem    Hex/Summ       7%         N/A       28%         3
 Swiftness                Air            7%         N/A       28%         3
 Irradiate                Conj/Tmut      12%        3d18      41%         5
 Lightning Bolt           Conj/Air       11%        1d24      45%         5
 Ice Form                 Ice/Tmut       8%         N/A       63%         4
 Airstrike                Air            3%         N/A       67%         4
 Summon Ice Beast         Ice/Summ       7%         N/A       67%         4
 Summon Lightning Spire   Summ/Air       7%         N/A       67%         4
 Hydra Form               Tmut           5%         N/A       88%         5
 Orb of Destruction       Conj           19%        9d8       97%         7
 Freezing Cloud           Conj/Ice/Air   8%         6-21      99%         6
 Blade Hands              Tmut           5%         N/A       100%        6
 Dragon Form              Tmut           5%         N/A       100%        7
 Spellforged Servitor     Conj/Summ      11%        N/A       100%        7
 Statue Form              Tmut/Erth      Unusable   N/A       N/A         6

Dungeon Overview and Level Annotations

Branches:
Dungeon (10/15)            Temple (1/1) D:6
   Lair: D:8-11         Orc: D:9-12

Altars:
Ashenzari
Cheibriados
Dithmenos
Elyvilon
Fedhas
Gozag
Hepliaklqana
Kikubaaqudgha
Makhleb
Okawaru
Qazlal
Ru
Sif Muna
Trog
Uskayaw
Wu Jian
Xom
Yredelemnul
Zin
The Shining One

Shops:
D:1 ?:   D:2 :*[   D:8 *[   D:9 [

Annotations:
D:10 Snorg


Innate Abilities, Weirdness & Mutations

Your stone body is resilient. (AC +8)
You are immune to poison.
You resist negative energy. (rN+)
You are resistant to electric shocks. (rElec)
You are resistant to unholy torment.
You can survive without breathing.
You are immune to petrification.
You have a pair of small horns on your head.
You are partially covered in iridescent scales. (AC +2)
You are very agile. (Dex +4)
Armour fits poorly on your strangely shaped body.
You expend magic power (3 MP) to strengthen your wands.


Message History

Snorg resists with significant effort.
Snorg completely misses you. Snorg misses you. Snorg barely misses you.
Snorg bites you but does no damage. Snorg claws you. Snorg closely misses you.
Aiming: Mindburst
Press: ? - help, Shift-Dir - straight line, f/p - Snorg
Aim: Snorg (heavily wounded, berserk, chance to affect: 51%) Snorg resists with significant effort.
Snorg bites you! Snorg claws you! Snorg claws you.
Aiming: Mindburst
Press: ? - help, Shift-Dir - straight line, f/p - Snorg
Aim: Snorg (heavily wounded, berserk, chance to affect: 50%) Snorg resists with some effort.
Snorg barely misses you. Snorg claws you but does no damage. Snorg claws you!
* * * LOW HITPOINT WARNING * * *
Snorg misses you. Snorg claws you but does no damage. Snorg claws you.
* * * LOW HITPOINT WARNING * * *
Aiming: Mindburst
Press: ? - help, Shift-Dir - straight line, f/p - Snorg
Aim: Snorg (heavily wounded, berserk, chance to affect: 51%) Snorg's mind is blasted!!
Snorg closely misses you. Snorg claws you but does no damage. x2
Unknown command.
You feel much better. Snorg bites you! Snorg claws you.
Snorg claws you but does no damage. Snorg bites you.
* * * LOW HITPOINT WARNING * * *
Snorg barely misses you. Snorg closely misses you.
Unknown command.
Unknown command.
Casting: Stone Arrow (safe; 1% risk of failure)
Confirm with . or Enter, or press ? or * to list all spells.
You don't have enough magic to cast this spell.
Unknown command.
Unknown command.
Aiming: Mindburst
Press: ? - help, Shift-Dir - straight line, f/p - Snorg
Aim: Snorg (severely wounded, berserk, chance to affect: 50%) Snorg's mind is blasted!
Snorg bites you but does no damage. Snorg claws you!
* * * LOW HITPOINT WARNING * * *
Snorg claws you!
You die...

#..........#
#..........+
#..........#
#..........#
#..........#
#..........#
#..........#
#####+######
#YT@.# #.####
###.########
#..........#
#...Y...T..#
#..h.......#
#...Y........
#..........##
#..........#


You could see Snorg (berserk) and a yak.

Vanquished Creatures
  Harold (D:9)
  A two-headed ogre (D:8)
  Pikel (D:9)
  Maggie (D:9)
  2 trolls
  17 yaks
  Eustachio (D:6)
  A wyvern (D:8)
  2 steam dragons
  Menkaure (D:7)
  An acid dragon (D:9)
  Duvessa (D:5)
  2 water moccasins
  An orc warrior (D:10)
  A black bear (D:8)
  A sky beast (D:6)
  An ice beast (D:6)
  A hornet zombie (D:6)
  An ogre (D:5)
  5 centaurs
  A phantom (D:6)
  A kobold brigand (D:7)
  Blork the orc (D:6)
  3 bullfrogs
  A wyvern zombie (D:4)
  A scorpion (D:6)
  2 water moccasin skeletons (D:6)
  Dowan (D:5)
  6 killer bees (D:7)
  12 wights
  3 howler monkeys
  2 bullfrog zombies (D:6)
  A centaur zombie (D:8)
  2 hounds
  4 jellies
  2 centaur skeletons
  4 orc priests
  A bullfrog skeleton (D:5)
  7 iguanas
  8 orc wizards
  A killer bee zombie (D:7)
  3 hound skeletons (D:4)
  3 gnolls (D:2)
  6 adders
  2 white imps
  An ufetubus (D:6)
  2 worms
  20 orcs
  7 ball pythons
  7 endoplasms
  A giant cockroach (D:4)
  5 hobgoblins
  13 jackals
  2 quokkas
  6 bats
  7 frilled lizards
  10 goblins
  11 kobolds
  A quokka skeleton (D:4)
  8 rats
  A spectral orc (D:6)
223 creatures vanquished.

Vanquished Creatures (others)
  4 withered plants (D:4)
4 creatures vanquished.

Grand Total: 227 creatures vanquished

Notes
Turn   | Place    | Note
-------+----------+-------------------------------------------
     0 | D:1      | Lakar the Gargoyle Earth Elementalist began the quest for
                  | the Orb.
     0 | D:1      | Reached XP level 1. HP: 10/10 MP: 3/3
    23 | D:1      | Found Jebo's Magic Scroll Shoppe.
    47 | D:1      | Found Titi's Book Boutique.
   272 | D:1      | Reached skill level 4 in Earth Magic
   272 | D:1      | Reached XP level 2. HP: 15/15 MP: 1/5
   736 | D:1      | Found a faded altar of an unknown god.
  1284 | D:1      | Reached XP level 3. HP: 19/19 MP: 4/6
  1389 | D:1      | Learned a level 3 spell: Stone Arrow
  1910 | D:2      | Reached skill level 1 in Conjurations
  1910 | D:2      | Reached XP level 4. HP: 24/24 MP: 2/8
  2025 | D:2      | Found Wuokhed's Armour Shop.
  2077 | D:2      | Found Zeicw's Book Shoppe.
  2558 | D:2      | Found Zuacuxt's Assorted Antiques.
  2566 | D:2      | Bought a scroll labelled IJINUI REOS for 23 gold pieces
  2566 | D:2      | Bought a yellow potion for 20 gold pieces
  2566 | D:2      | Bought a scroll labelled OFUSCHO REWIBEB for 23 gold pieces
  2955 | D:3      | Gained mutation: You are agile. (Dex +2) [potion of
                  | mutation]
  2955 | D:3      | Gained mutation: Armour fits poorly on your strangely
                  | shaped body. [potion of mutation]
  2955 | D:3      | Gained mutation: You are partially covered in iridescent
                  | scales. (AC +2) [potion of mutation]
  2955 | D:3      | Gained mutation: You evolve. [potion of mutation]
  3102 | D:3      | Reached skill level 5 in Earth Magic
  3104 | D:3      | Reached XP level 5. HP: 24/28 MP: 5/9
  3967 | D:3      | Reached XP level 6. HP: 31/32 MP: 6/11
  4360 | D:4      | Reached skill level 6 in Earth Magic
  4608 | D:4      | Found an ancient bone altar of Kikubaaqudgha.
  4634 | D:4      | Learned a level 5 spell: Lee's Rapid Deconstruction
  4637 | D:4      | Learned a level 2 spell: Passwall
  4906 | D:4      | Found a shimmering blue altar of Sif Muna.
  4906 | D:4      | Found a shadowy altar of Dithmenos.
  4915 | D:4      | Found an opulent altar of Gozag.
  4917 | D:4      | Found a broken altar of Ashenzari.
  4919 | D:4      | Found a hide-covered altar of Uskayaw.
  5201 | D:5      | Entered Level 5 of the Dungeon
  5221 | D:5      | Reached XP level 7. HP: 36/36 MP: 5/13
  5305 | D:5      | Noticed Dowan
  5334 | D:5      | Killed Dowan
  5499 | D:5      | Noticed Duvessa
  5516 | D:5      | Reached skill level 7 in Earth Magic
  5612 | D:5      | Gained mutation: You expend magic power (3 MP) to
                  | strengthen your wands. [evolution]
  5655 | D:5      | Reached skill level 5 in Spellcasting
  5655 | D:5      | Reached skill level 5 in Conjurations
  5655 | D:5      | Reached XP level 8. HP: 35/41 MP: 15/15
  6089 | D:5      | Killed Duvessa
  6381 | D:5      | Gained mutation: You have a pair of small horns on your
                  | head. [evolution]
  6531 | D:6      | Reached skill level 1 in Polearms
  6561 | D:6      | Reached skill level 1 in Armour
  6565 | D:6      | Reached skill level 1 in Fighting
  6709 | D:6      | Reached skill level 1 in Evocations
  6723 | D:6      | Reached skill level 8 in Earth Magic
  6725 | D:6      | Noticed Blork the orc
  6728 | D:6      | Killed Blork the orc
  6729 | D:6      | Reached XP level 9. HP: 45/48 MP: 10/17
  6761 | D:6      | Noticed Eustachio
  6796 | D:6      | Noticed a troll
  6815 | D:6      | Killed a troll
  6846 | D:6      | Killed Eustachio
  7284 | D:6      | Found a staircase to the Ecumenical Temple.
  7299 | Temple   | Entered the Ecumenical Temple
  7760 | D:6      | Found a basalt altar of Yredelemnul.
  7990 | D:6      | Paralysed by a centaur for 6 turns
  8000 | D:6      | Paralysed by a centaur for 3 turns
  8273 | D:7      | Reached XP level 10. HP: 55/56 MP: 13/19
  8279 | D:7      | Noticed Menkaure
  8282 | D:7      | Killed Menkaure
  8358 | D:7      | Gained mutation: You are very agile. (Dex +4) [evolution]
  8358 | D:7      | Lost mutation: You evolve. [end of evolution]
  8407 | D:7      | Found a sacrificial altar of Ru.
  8570 | D:7      | Found an iron altar of Okawaru.
  9155 | D:8      | Found Peklunai's Antique Armour Shoppe.
  9209 | D:8      | Found Zium's Hallowed Reliquary.
  9215 | D:8      | Noticed an angel
  9224 | D:8      | Bought a potion of heal wounds for 80 gold pieces
  9442 | D:8      | Found a bloodstained altar of Trog.
  9600 | D:8      | Noticed a two-headed ogre
  9606 | D:8      | Killed a two-headed ogre
  9826 | D:9      | Noticed Pikel
  9836 | D:9      | Killed Pikel
  9837 | D:9      | Reached skill level 5 in Polearms
  9837 | D:9      | Reached skill level 9 in Earth Magic
  9927 | D:9      | Noticed Maggie
  9961 | D:9      | Killed Maggie
 10179 | D:9      | Learned a level 6 spell: Iron Shot
 10185 | D:9      | Learned a level 5 spell: Bolt of Magma
 10274 | D:9      | Reached XP level 11. HP: 62/62 MP: 6/21
 10296 | D:9      | Reached skill level 5 in Armour
 10385 | D:9      | Identified the +0 leather armour "Lafuf" {rN+ Int+3 SInv}
 10410 | D:9      | Noticed Harold
 10418 | D:9      | Killed Harold
 10419 | D:9      | Reached skill level 5 in Fighting
 10758 | D:9      | Found Lurgheoc's Armour Shop.
 10796 | D:10     | Entered Level 10 of the Dungeon
 11089 | D:10     | Noticed Snorg
 11125 | D:10     | Slain by Snorg

Illustrated notes

Levels and vault maps discovered:
D:1:      dpeg_arrival_more_subterranean_lakeside_camping, layout_basic,
          shapermc_ecumenical_altar_totnotflames, serial_shops, shop, shop
D:2:      layout_basic, serial_shops, nicolae_shop_trees, shop_fountains,
          nicolae_shop_trees, minmay_misc_feat_plants
D:3:      layout_basic
D:4:      layout_basic, kiku_gazebo_garden_becter,
          chequers_temple_overflow_minitemple, enter_ossuary_5, minivault_27,
          serial_bayou_pond_d, kennysheep_another_room, due_unseen_surprise
D:5:      layout_loops_ring, uniq_duvessa
D:6:      cheibrodos_fzero, layout_rooms, yredelemnul_forgotten_temple_becter,
          minmay_temple_entry_mini_moons, uniq_eustachio, uniq_blork_the_orc
D:7:      layout_loops_ring, okawaru_altar_gauntlet_db, nicolae_ru_awakened_eye,
          uniq_menkaure
D:8:      layout_cave_pools, lightli_temple_of_fire, serial_shops,
          kennysheep_little_box, nicolae_good_shop
D:9:      layout_basic, serial_shops,
          nicolae_shop_temple_entry_statues_fountains, uniq_harold, uniq_maggie,
          uniq_pikel
D:10:     layout_roguey, vehumet_crystals, amcnicky_altar_gilded,
          roderic_lattice_a, uniq_snorg
Temple:   chequers_temple_sunken

Skill      XL: |  1  2  3  4  5  6  7  8  9 10 11 |
---------------+----------------------------------+-----
Earth Magic    | 4 5 6 7 8 9 |  9.6
Spellcasting   | 3 4 5 6 7 |  7.1
Conjurations   | 1 2 3 5 6 7 |  7.8
Polearms       | 2 4 5 6 |  6.3
Armour         | 1 3 4 5 |  5.4
Fighting       | 1 3 4 5 |  5.2
Dodging        | 2 3 4 |  4.3
Evocations     | 1 2 3 4 |  4.3
Stealth        | |  2.1
Transmutations | |  0.7

Action                   |  1- 3 |  4- 6 |  7- 9 | 10-12 || total
-------------------------+-------+-------+-------+-------++-------
Melee: Dagger            |    90 |    84 |       |       ||   174
       Lance             |       |    38 |   202 |   194 ||   434
       Headbutt          |       |       |    22 |    35 ||    57
 Cast: Sandblast         |    24 |    54 |    31 |     7 ||   116
       Stone Arrow       |     1 |     5 |    17 |    23 ||    46
       Passwall          |       |     2 |       |       ||     2
       Lee's Rapid Decon |       |       |     4 |     9 ||    13
Evoke: Wand              |       |       |       |    11 ||    11
  Use: Scroll            |       |    10 |     7 |     4 ||    21
       Potion            |       |     1 |     4 |     4 ||     9
 Stab: Sleeping          |     2 |     6 |     2 |     2 ||    12
Armor: Robe              |    46 |    63 |   143 |    32 ||   284
       Steam dragon scal |       |       |       |    57 ||    57
Dodge: Dodged            |    86 |    99 |   152 |   101 ||   438

Table legend: (Time is in decaauts)
 A = Elapsed time spent in this place.
 B = Non-inter-level travel time spent in this place.
 C = Inter-level travel time spent in this place.
 D = Time resting spent in this place.
 E = Time spent auto-exploring this place.
 F = Levels seen in this place.
 G = Mean time per level.
                   A        B        C        D        E       F      G
               +--------+--------+--------+--------+--------+-----+--------+
         Total |  11143 |  10834 |    309 |   1737 |   7056 |  11 | 1013.0 |
       Dungeon |  10914 |  10634 |    280 |   1737 |   6880 |  10 | 1091.4 |
        Temple |    229 |    200 |     29 |      0 |    176 |   1 |  229.0 |
               +--------+--------+--------+--------+--------+-----+--------+

Top non-repeatable levels by time:
     D:1: 1599 daAuts
     D:5: 1569 daAuts
     D:2: 1349 daAuts
     D:4: 1292 daAuts
     D:7: 1134 daAuts
     D:6: 1001 daAuts
     D:3: 969 daAuts
     D:9: 934 daAuts
     D:8: 746 daAuts
    D:10: 319 daAuts
  Temple: 229 daAuts
